 Dungeon Crawl Stone Soup version 0.30-a0-4-ga7cffc901d (webtiles) character file.

Game seed: 17272350586798211013

2966 jfcaron the Cleaver (level 9, 0/83 HPs)
             Began as a Hill Orc Gladiator on Aug 22, 2022.
             Slain by a vampire (7 damage)
             ... on level 9 of the Dungeon.
             The game lasted 00:23:58 (9757 turns).

jfcaron the Cleaver (Hill Orc Gladiator)            Turns: 9757, Time: 00:23:59

Health: 0/83       AC: 19    Str: 21    XL:     9   Next: 82%
Magic:  9/9        EV:  9    Int:  8    God:
Gold:   208        SH:  0    Dex: 12    Spells: 8/8 levels left

rFire   . . .      SeeInvis .    S - +2 war axe (freeze)
rCold   . . .      Faith    .    (no shield)
rNeg    . . .      Spirit   .    J - +4 chain mail {rPois}
rPois   +          Reflect  +    c - +0 helmet
rElec   .          Harm     .    y - +0 cloak
rCorr   .          Rampage  .    (no gloves)
Will    .....                    u - +0 pair of boots
Stlth   ..........               b - amulet of reflection
HPRegen 0.23/turn                (no ring)
MPRegen 0.11/turn                (no ring)

@: confused
A: no striking features
a: no special abilities


You were on level 9 of the Dungeon.
You visited 2 branches of the dungeon, and saw 10 of its levels.
You also visited: Ossuary.

You collected 380 gold pieces.
You spent 172 gold pieces at shops.

Inventory:

Hand Weapons
 S - a +2 war axe of freezing (weapon)
Missiles
 h - 5 poisoned darts
 n - 75 stones
 o - 9 datura-tipped darts
 s - 2 throwing nets {!f}
 t - 6 boomerangs
 z - 8 javelins
 K - 2 boomerangs of dispersal
 O - a curare-tipped dart {!f}
Armour
 c - a +0 helmet (worn)
 l - a +0 leather armour of fire resistance
 p - a +1 leather armour of cold resistance
 u - a +0 pair of boots (worn)
 y - a +0 cloak (worn)
 J - a +4 chain mail of poison resistance (worn)
 M - a +0 plate armour
Magical Staves
 a - a staff of cold
Jewellery
 b - an amulet of reflection (around neck)
 w - a ring of fire
Wands
 e - a wand of charming (12)
 N - a wand of mindburst (1)
 P - a wand of roots (8)
Scrolls
 d - a scroll of enchant weapon {unknown}
 m - a scroll of blinking
 q - 8 scrolls of teleportation
 v - 2 scrolls of fear
 x - a scroll of poison
 C - 3 scrolls of vulnerability
 E - 8 scrolls of noise
 F - 5 scrolls of immolation
 I - a scroll of acquirement {unknown}
 L - 2 scrolls of butterflies
 T - a scroll of magic mapping {unknown}
Potions
 f - 3 potions of ambrosia
 g - 4 potions of flight
 i - 4 potions of mutation
 j - 4 potions of curing
 k - a potion of heal wounds
 r - a potion of attraction
 A - a potion of cancellation {unknown}
 B - a potion of experience {unknown}
 D - 2 potions of invisibility
 H - a potion of lignification {unknown}
 R - a potion of berserk rage {unknown}


   Skills:
 + Level 9.0 Fighting
 + Level 10.3 Axes
 - Level 2.0 Throwing
 + Level 8.9 Armour
 - Level 3.0 Dodging


You had 8 spell levels left.
You didn't know any spells.
Your spell library contained the following spells:

 Spells                   Type           Power      Damage    Failure   Level
 Foxfire                  Conj/Fire      0%         2x1d4     97%         1
 Poisonous Vapours        Pois/Air       0%         N/A       99%         2
 Static Discharge         Conj/Air       0%         3-3/arc   99%         2
 Conjure Flame            Conj/Fire      0%         6-21      100%        3
 Inner Flame              Hex/Fire       0%         N/A       100%        3
 Corpse Rot               Necr/Pois/Air  0%         N/A       100%        4
 Dispel Undead            Necr           0%         3d6       100%        4
 Flame Wave               Conj/Fire      0%         2d4       100%        4
 Sticky Flame             Conj/Fire      0%         2d3       100%        4
 Lightning Bolt           Conj/Air       0%         1d11      100%        5
 Maxwell's Capacitive Co  Air            0%         ∞         100%        8


Dungeon Overview and Level Annotations

Branches:
Dungeon (9/15)             Temple (1/1) D:5         Ossuary (visited)
   Lair: D:8-11         Orc: D:9-12

Altars:
Cheibriados
Dithmenos
Elyvilon
Fedhas
Kikubaaqudgha
Makhleb
Ru
Sif Muna
Trog
Vehumet
Wu Jian
Zin
The Shining One

Shops:
D:3 [   D:6 ?


Message History

Something draws strength from your injuries!
The howler monkey hoots and howls with incredible vigour!
You hear a shout! x2
Something hits you but does no damage. Something bites you but does no damage.
You hit something but do no damage. Something hits you.
Something bites you but does no damage.
You barely miss something. Something hits you!
Something bites you but does no damage.
You hit something. You freeze something. You barely miss the howler monkey.
Something hits you but does no damage. Something bites you but does no damage.
The howler monkey barely misses you.
You miss something. You slash the howler monkey! You freeze the howler monkey.
The howler monkey barely misses you.
You hit the catoblepas but do no damage.
You hit the howler monkey. You freeze the howler monkey.
You kill the howler monkey!
Your Fighting skill increases to level 9!
Aiming: Mindburst
Press: ? - help, Shift-Dir - straight line, f - catoblepas
Aim: a catoblepas (chance to affect: 6%)
Okay, then.
Aiming: Fastroot
Press: ? - help, Shift-Dir - straight line The roots erupt in riotous growth!
Roots grab the catoblepas.
The grasping roots constrict the catoblepas, but do no damage.
You hear a shout!
Something hits you but does no damage. Something bites you.
* * * LOW HITPOINT WARNING * * *
Something draws strength from your injuries!
The catoblepas barely misses you.
You hit the catoblepas but do no damage.
You slash something! You freeze something.
The grasping roots constrict the catoblepas!
The catoblepas gores you!
* * * LOW HITPOINT WARNING * * *
You hear some strange, mumbled words.
You are confused.
Something hits you but does no damage. Something bites you!
You die...

................
................
................
...............
...............
#...# #...#
#Y†.# #@..#
#...# #......
[!.......
...........
####..######
#..# #..#


You could see a catoblepas (rooted).

Vanquished Creatures
  Grinder (D:5)
  A water moccasin (D:4)
  A black bear (D:6)
  3 orc warriors
  An ogre (D:5)
  A phantom (D:6)
  A kobold brigand (D:8)
  Blork the orc (D:5)
  2 bullfrogs (D:7)
  4 scorpions
  4 wights (D:8)
  8 killer bees
  3 howler monkeys
  2 human zombies (Ossuary)
  A jelly (D:8)
  4 hounds
  6 orc priests
  A gnoll bouda (D:8)
  An iguana (D:7)
  11 orc wizards
  6 mummies
  11 gnolls
  4 adders
  2 ufetubi
  4 dart slugs
  4 worms
  38 orcs
  8 endoplasms
  3 giant cockroaches
  8 goblins
  8 hobgoblins
  5 jackals (D:2)
  4 quokkas
  7 ball pythons
  3 bats
  4 frilled lizards
  2 gnoll zombies (Ossuary)
  A goblin zombie (Ossuary)
  A hobgoblin zombie (Ossuary)
  10 kobolds
  4 kobold zombies
  2 orc zombies (D:8)
  4 rats
  3 fungi (D:1)
  6 plants
209 creatures vanquished.

Notes
Turn   | Place    | Note
-------+----------+-------------------------------------------
     0 | D:1      | jfcaron the Hill Orc Gladiator began the quest for the Orb.
     0 | D:1      | Reached XP level 1. HP: 18/18 MP: 1/1
   263 | D:1      | Found a faded altar of an unknown god.
   434 | D:1      | Reached XP level 2. HP: 20/25 MP: 2/2
   922 | D:2      | Reached XP level 3. HP: 16/31 MP: 3/3
  1409 | D:2      | Reached XP level 4. HP: 38/38 MP: 4/4
  1648 | D:2      | Reached skill level 5 in Axes
  2235 | D:3      | Reached skill level 1 in Armour
  2239 | D:3      | Reached XP level 5. HP: 37/46 MP: 5/5
  2421 | D:3      | Found a shimmering blue altar of Sif Muna.
  2495 | D:3      | Found Caywymad's Antique Armour Shop.
  3205 | D:4      | Reached XP level 6. HP: 53/53 MP: 6/6
  3207 | D:4      | Found a bloodstained altar of Trog.
  3797 | D:4      | Found a burning altar of Makhleb.
  3984 | D:5      | Entered Level 5 of the Dungeon
  3984 | D:5      | Noticed Grinder
  3991 | D:5      | Found a staircase to the Ecumenical Temple.
  3998 | Temple   | Entered the Ecumenical Temple
  4160 | D:5      | Reached skill level 6 in Axes
  4182 | D:5      | Reached XP level 7. HP: 44/60 MP: 7/7
  4187 | D:5      | Reached skill level 5 in Fighting
  4200 | D:5      | Found a sand-covered staircase.
  4207 | Ossuary  | Entered an ossuary
  4414 | Ossuary  | Reached skill level 5 in Armour
  4906 | D:5      | Paralysed by Grinder for 3 turns
  4910 | D:5      | Paralysed by Grinder for 4 turns
  4918 | D:5      | Paralysed by Grinder for 3 turns
  4941 | D:5      | Noticed Blork the orc
  5080 | D:5      | Killed Blork the orc
  5081 | D:5      | Reached skill level 7 in Axes
  5302 | D:3      | Bought a glowing chain mail for 172 gold pieces
  5423 | D:4      | Reached XP level 8. HP: 38/70 MP: 8/8
  5677 | D:6      | Found Afruriz's Magic Scroll Shop.
  6318 | D:6      | Reached skill level 8 in Axes
  6884 | D:7      | Reached XP level 9. HP: 60/79 MP: 9/9
  7115 | D:7      | Found a glowing golden altar of the Shining One.
  7407 | D:8      | Reached skill level 9 in Axes
  9204 | D:5      | Killed Grinder
  9205 | D:5      | Reached skill level 10 in Axes
  9230 | D:5      | Identified the +0 ring mail of Weirdness {+Inv Will+ Dex+3}
  9321 | D:5      | Found a white marble altar of Elyvilon.
  9747 | D:9      | Noticed a catoblepas
  9756 | D:9      | HP: 7/83 [catoblepas (17)]
  9757 | D:9      | Slain by a vampire

Illustrated notes

Levels and vault maps discovered:
D:1:      mainiacjoe_arrival_reflecting_pool, layout_rooms,
          shapermc_ecumenical_altar_hornbeckon, corexii_item_surrounded_by_moat
D:2:      layout_rooms
D:3:      layout_basic, mainiacjoe_overflow_catwalk, serial_shops,
          nicolae_shop_behind_doors
D:4:      layout_loops_corners, amcnicky_altar_gilded,
          makhleb_blood_cavern_becter, kennysheep_windowed_goal
D:5:      layout_rooms, elyvilon_altar_1, temple_green,
          chequers_ossuary_entry_cave, uniq_grinder, uniq_blork_the_orc
D:6:      layout_basic, serial_shops, shop_scrolls
D:7:      layout_rooms, mainiacjoe_overflow_alcove_1
D:8:      layout_layer_cave, minmay_mini_ossuary
D:9:      layout_small_grid, ashenzari_conservatory_becter,
          nicolae_overflow_crystal_walls, nicolae_overflow_hallway_of_the_gods,
          kennysheep_mini_moat, zombieorc2_lemuel, uniq_erolcha, uniq_grum,
          uniq_maggie, uniq_amaemon
Temple:   nicolae_temple_bog_church

Skill      XL: |  1  2  3  4  5  6  7  8  9 |
---------------+----------------------------+-----
Throwing       | 2 |  2.0
Fighting       | 3 4 5 7 9 |  9.0
Dodging        | 3 |  3.0
Axes           | 5 6 7 8 10 | 10.3
Armour         | 1 3 4 5 7 8 |  8.9

Action                   |  1- 3 |  4- 6 |  7- 9 || total
-------------------------+-------+-------+-------++-------
Melee: War axe           |    93 |   161 |   328 ||   582
       Punch             |     3 |     2 |     1 ||     6
Throw: Javelin           |     4 |     1 |     4 ||     9
       Dart              |       |     7 |     2 ||     9
       Throwing net      |       |       |     3 ||     3
       Boomerang         |       |       |    11 ||    11
Evoke: Wand              |       |       |    16 ||    16
  Use: Potion            |       |     3 |     3 ||     6
       Scroll            |       |    11 |     7 ||    18
 Stab: Distracted        |       |     1 |     1 ||     2
Armor: Leather armour    |    28 |    16 |       ||    44
       Chain mail        |       |    77 |   216 ||   293
Dodge: Dodged            |    69 |    82 |   121 ||   272
Block: Other             |       |       |    45 ||    45
       Reflection        |       |       |     3 ||     3

Table legend: (Time is in decaauts)
 A = Elapsed time spent in this place.
 B = Non-inter-level travel time spent in this place.
 C = Inter-level travel time spent in this place.
 D = Time resting spent in this place.
 E = Time spent auto-exploring this place.
 F = Levels seen in this place.
 G = Mean time per level.
                   A        B        C        D        E       F      G
               +--------+--------+--------+--------+--------+-----+--------+
         Total |   9874 |   9166 |    708 |   1922 |   5405 |  11 |  897.6 |
       Dungeon |   9041 |   8345 |    696 |   1610 |   5223 |   9 | 1004.6 |
        Temple |    122 |    110 |     12 |      0 |      0 |   1 |  122.0 |
       Ossuary |    710 |    710 |      0 |    312 |    182 |   1 |  710.0 |
               +--------+--------+--------+--------+--------+-----+--------+

Top non-repeatable levels by time:
     D:8: 1738 daAuts
     D:4: 1550 daAuts
     D:6: 1325 daAuts
     D:3: 1131 daAuts
     D:2: 976 daAuts
     D:1: 910 daAuts
     D:5: 858 daAuts
 Ossuary: 710 daAuts
     D:7: 512 daAuts
  Temple: 122 daAuts
     D:9: 37 daAuts
